 Dungeon Crawl Stone Soup version 0.31-a0-810-ga77100ea1a (webtiles) character file.

Game seed: 17968511339358162798

3260 randomguy2701 the Thaumaturge (level 9, -5/47 HPs)
             Began as a Deep Elf Conjurer on Sept 21, 2023.
             Was an Initiate of Ashenzari.
             Slain by a cyclops (29 damage)
             ... on level 7 of the Dungeon.
             The game lasted 00:14:38 (7483 turns).

randomguy2701 the Thaumaturge (Deep Elf Conjurer)   Turns: 7483, Time: 00:14:40

Health: -5/47      AC:  4    Str:  4    XL:     9   Next: 68%
Magic:  26/36      EV: 13    Int: 26    God:    Ashenzari [......]
Gold:   467        SH:  0    Dex: 15    Spells: 24/32 levels left

rFire   . . .        a - staff of conjuration
rCold   . . .        (no shield)
rNeg    + . .        y - +2 robe {rN+}
rPois   .            (no helmet)
rElec   .            (no cloak)
rCorr   .            (no gloves)
SInv    .            (no boots)
Will    .....        A - amulet of the Fated Stoicism {Regen+, Bglg, Cun} (curse)
Stlth   +++          w - ring of magical power
HPRegen 1.07/turn    (no ring)
MPRegen 0.25/turn

%: no passive effects
@: no status effects
A: no striking features
a: Renounce Religion, Shatter the Chains


You were on level 7 of the Dungeon.
You worshipped Ashenzari.
Ashenzari was noncommittal.
You visited 2 branches of the dungeon, and saw 8 of its levels.

You collected 467 gold pieces.

Inventory:

Armour
 y - a +2 robe of positive energy (worn)
Magical Staves
 a - a staff of conjuration (weapon)
Jewellery
 w - a ring of magical power (left hand)
 A - the cursed amulet of the Fated Stoicism (around neck) {Regen+, Bglg, Cun}
   (You found it on level 6 of the Dungeon)

   [amulet of regeneration]

   Regen+:    It increases your rate of health regeneration.
   It has a curse which improves the following skills: Beguiling: Conjurations,
   Hexes and Translocations.
   Cunning:   Dodging and Stealth.
Wands
 B - a wand of mindburst (9)
 D - a wand of quicksilver (5)
Scrolls
 d - a scroll of enchant armour {unknown}
 e - a scroll of identify
 f - 2 scrolls of fear
 h - 3 scrolls of fog
 k - a scroll of summoning
 l - 2 scrolls of silence
 n - a scroll of noise
 o - 2 scrolls of poison {unknown}
 p - 3 scrolls of acquirement
 q - a scroll of amnesia {unknown}
 r - a scroll of immolation {unknown}
 s - 2 scrolls of revelation
 t - a scroll of teleportation
 x - a scroll of vulnerability {unknown}
 C - a scroll of enchant weapon {unknown}
Potions
 b - 2 potions of magic
 c - a potion of resistance
 g - 3 potions of curing
 i - a potion of degeneration
 j - a potion of ambrosia
 m - 2 potions of brilliance
 u - a potion of cancellation
 v - 2 potions of haste
 z - a potion of mutation {unknown}


   Skills:
 + Level 1.2 Fighting
 + Level 3.8(4.2) Dodging
 + Level 5.1(5.5) Stealth
 + Level 12.4 Spellcasting
 + Level 10.6(11.0) Conjurations


You had 24 spell levels left.
You knew the following spells:

 Your Spells              Type           Power      Damage    Failure   Level
a - Magic Dart            Conj           100%       1d8       1%          1
b - Searing Ray           Conj           100%       2d8       1%          2
c - Iskenderun's Battles  Conj           84%        2d13      1%          5

Your spell library contained the following spells:

 Spells                   Type           Power      Damage    Failure   Level
 Dazzling Flash           Conj/Hex       100%       N/A       1%          3
 Hailstorm                Conj/Ice       61%        3d13      1%          3
 Freeze                   Ice            64%        1d7       3%          1
 Fulminant Prism          Conj/Hex       30%        3d15      3%          4
 Iskenderun's Mystic Bla  Conj/Tloc      61%        2d13      3%          4
 Frozen Ramparts          Ice            32%        1d5       11%         3
 Leda's Unmaking          Conj/Erth      30%        9d5       50%         6
 Agony                    Necr           16%        N/A       69%         5
 Silence                  Hex/Air        8%         N/A       69%         5
 Spellforged Servitor     Conj/Summ      30%        N/A       97%         7


Dungeon Overview and Level Annotations

Branches:
Dungeon (7/15)             Temple (1/1) D:5

Altars:
Ashenzari
Dithmenos
Elyvilon
Fedhas
Gozag
Hepliaklqana
Kikubaaqudgha
Makhleb
Nemelex Xobeh
Okawaru
Qazlal
Ru
Sif Muna
Uskayaw
Vehumet
Xom
Yredelemnul
Zin
The Shining One

Shops:
D:6 !

Annotations:
D:2 1 runed translucent door, Crazy Yiuf


Message History

The barrage of energy hits the cyclops!
The cyclops is heavily wounded.
The cyclops barely misses you.
The searing ray hits the cyclops.
The cyclops is heavily wounded.
Your battlesphere fires!
The barrage of energy hits the cyclops!
The cyclops is severely wounded.
Unknown command.
The searing ray hits the cyclops.
The cyclops is almost dead.
Your battlesphere fires!
The barrage of energy hits the cyclops!
You kill the cyclops!
A cyclops comes into view.
Your Spellcasting skill increases to level 12!
The searing ray hits the cyclops!
The cyclops is moderately wounded.
You finish channelling your searing ray.
Your battlesphere fires!
The barrage of energy hits the cyclops!
The cyclops is heavily wounded.
The cyclops hits you!!
Ouch! That really hurt!
Unknown command.
Casting: Searing Ray (safe; 1% risk of failure)
Confirm with . or Enter, or press ? or * to list all spells.
Aiming: Searing Ray (safe; 1% risk of failure)
Press: ? - help, Shift-Dir - straight line, f - cyclops
Aim: a cyclops, quivering large rocks (heavily wounded, ally target, 98% to hit)
You feel a surge of power!
The searing ray hits the cyclops.
The cyclops is heavily wounded. (Press . to maintain the ray.)
Your battlesphere fires!
The barrage of energy hits the cyclops!
The cyclops is almost dead.
Your battlesphere expends the last of its energy and dissipates.
The cyclops hits you!!
Ouch! That really hurt!
You die...

,###)#.###..###*#.#..###.........
####)#.#).###*,,#.###..###.....<.
...#)#.)###*,,,,##..###..###.....
.....####*,,**######..###..#.....
)..#.#**,,,,*,..#..###..####.....
.#...#,,.,,,*,#.#.#....##**#.....
*#...###...,*,#○#.##.###**,#.####
..#.)..###..###.#..###**,*,#.#
..####...###....@###*,*,*,*#.#
.,* ###...###.C##**,*,*,*,#.# ,,*
#.....###...C.#****,#.# ,,*
#.......#####.#,*,*,#.# ,,*
#..........###,*,*,*#.# ,*****
##..#..#.....###*,*,#.####
,**,,** ##########....###*,#.#...
,,,,,,* #......####.#... ,,,,,,*
#.>.........#...


You could see a cyclops.

Vanquished Creatures
  A cyclops (D:7)
  Prince Ribbit (D:7)
  Sigmund (D:2)
  A wraith (D:7)
  Eustachio (D:5)
  A water moccasin (D:6)
  Duvessa (D:7)
  An ice beast (D:7)
  A black bear (D:6)
  2 orc warriors (D:7)
  3 ogres
  A centaur (D:5)
  2 phantoms
  A kobold brigand (D:7)
  2 scorpions (D:5)
  A bullfrog (D:6)
  2 gnoll sergeants (D:7)
  A wight (D:7)
  Dowan (D:7)
  A vampire bat (D:5)
  6 hounds
  2 jellies
  A sleepcap (D:5)
  5 iguanas
  An orc wizard (D:7)
  8 adders
  4 gnolls (D:7)
  2 white imps
  An ufetubus (D:6)
  2 worms (D:4)
  2 dart slugs
  7 orcs
  7 ball pythons
  3 bat skeletons (D:5)
  3 bat zombies (D:5)
  5 endoplasms
  A giant cockroach (D:4)
  3 goblins
  10 hobgoblins
  4 jackals (D:2)
  3 quokkas
  6 bats
  3 frilled lizards
  14 kobolds
  A rat (D:1)
130 creatures vanquished.

Vanquished Creatures (collateral kills)
  A hound (D:7)
  A kobold (D:7)
2 creatures vanquished.

Grand Total: 132 creatures vanquished

Notes
Turn   | Place    | Note
-------+----------+-------------------------------------------
     0 | D:1      | randomguy2701 the Deep Elf Conjurer began the quest for the
                  | Orb.
     0 | D:1      | Reached XP level 1. HP: 10/10 MP: 6/6
   372 | D:1      | Reached XP level 2. HP: 15/15 MP: 1/8
   762 | D:2      | Reached skill level 5 in Conjurations
   873 | D:2      | Reached XP level 3. HP: 19/19 MP: 7/9
  1557 | D:2      | Reached XP level 4. HP: 24/24 MP: 4/11
  1728 | D:2      | Noticed Sigmund
  1832 | D:1      | Learned a level 2 spell: Searing Ray
  1890 | D:2      | Killed Sigmund
  1891 | D:2      | Reached skill level 5 in Spellcasting
  1891 | D:2      | Reached XP level 5. HP: 12/28 MP: 2/14
  2023 | D:2      | Found a runed translucent door.
  2024 | D:2      | Noticed Crazy Yiuf
  2264 | D:3      | Reached XP level 6. HP: 32/32 MP: 13/15
  2476 | D:3      | Found a shimmering blue altar of Sif Muna.
  3135 | D:4      | Found a blossoming altar of Fedhas.
  3877 | D:5      | Entered Level 5 of the Dungeon
  4076 | D:5      | Reached skill level 6 in Spellcasting
  4201 | D:5      | Reached XP level 7. HP: 36/36 MP: 11/18
  4432 | D:5      | Noticed Eustachio
  4439 | D:5      | Killed Eustachio
  4440 | D:5      | Reached skill level 7 in Spellcasting
  4717 | D:5      | Found a staircase to the Ecumenical Temple.
  4960 | D:5      | Reached XP level 8. HP: 36/42 MP: 20/21
  5287 | D:5      | Found an ancient bone altar of Kikubaaqudgha.
  5431 | D:2      | Identified 4 scrolls of acquirement
  5431 | D:2      | Acquired a staff of conjuration
  5505 | Temple   | Entered the Ecumenical Temple
  5522 | Temple   | Became a worshipper of Ashenzari the Shackled
  5668 | D:6      | Reached skill level 8 in Spellcasting
  6274 | D:6      | Reached skill level 1 in Fighting
  6274 | D:6      | Reached skill level 5 in Stealth
  6274 | D:6      | Reached skill level 9 in Spellcasting
  6283 | D:6      | Learned a level 5 spell: Iskenderun's Battlesphere
  6318 | D:6      | Found Oxanadeit's Distillery.
  6745 | D:7      | Reached skill level 10 in Spellcasting
  6776 | D:7      | Noticed Prince Ribbit
  6787 | D:7      | Killed Prince Ribbit
  6788 | D:7      | Reached XP level 9. HP: 47/47 MP: 19/25
  6970 | D:7      | Noticed Dowan
  6971 | D:7      | Noticed Duvessa
  6973 | D:7      | Killed Dowan
  6980 | D:7      | Killed Duvessa
  6981 | D:7      | Reached skill level 10 in Conjurations
  7229 | D:7      | Found a shadowy altar of Dithmenos.
  7230 | D:7      | Found a hazy altar of Hepliaklqana.
  7251 | D:7      | Reached skill level 11 in Spellcasting
  7470 | D:7      | Noticed a cyclops
  7480 | D:7      | Killed a cyclops
  7480 | D:7      | Noticed a cyclops
  7481 | D:7      | Reached skill level 12 in Spellcasting
  7483 | D:7      | Slain by a cyclops

Illustrated notes

Levels and vault maps discovered:
D:1:      enne_arrival_octagon_isle, layout_basic, serial_glass,
          glass_columns_a, glass_columns_a, glass_columns_b, glass_columns_c
D:2:      layout_basic, uniq_crazy_yiuf_cottage, uniq_sigmund
D:3:      layout_basic, mainiacjoe_overflow_chevrons, st_stairs_10
D:4:      layout_loops_ring, fedhas_altar_2, grunt_decor_resistance
D:5:      layout_loops_ring, kennysheep_vampire_church, temple_doors_cd,
          minmay_fractal_squares_diagonal_5, uniq_eustachio
D:6:      layout_basic, serial_shops, shop
D:7:      minmay_the_grid_triangle_9x9_rhombus_thin
          [minmay_the_grid_triangle_9x9_longest,
          minmay_the_grid_triangle_9x9_prize_special,
          minmay_the_grid_triangle_9x9_cache,
          minmay_the_grid_triangle_9x9_intruding_spiral], layout_gridville,
          riverfiend_overflow_shadow_ancestor, minitemple, uniq_prince_ribbit1,
          uniq_duvessa
Temple:   zaba_magenta_temple

Skill      XL: |  1  2  3  4  5  6  7  8  9 |
---------------+----------------------------+-----
Conjurations   | 5 6 7 8 9 10 | 10.6
Stealth        | 3 4 5 |  5.1
Spellcasting   | 5 6 7 10 12 | 12.4
Dodging        | 3 |  3.8
Fighting       | 1 |  1.2

Action                     |  1- 3 |  4- 6 |  7- 9 || total
---------------------------+-------+-------+-------++-------
   Cast: Magic Dart        |    72 |    99 |   141 ||   312
         Searing Ray       |       |     8 |    17 ||    25
         Iskenderun's Batt |       |       |    12 ||    12
 Invoke: Curse Item        |       |       |     1 ||     1
    Use: Scroll            |       |     4 |    11 ||    15
 Armour: Robe              |     3 |    20 |    33 ||    56
  Dodge: Dodged            |    10 |    15 |    33 ||    58

Table legend: (Time is in decaauts)
 A = Elapsed time spent in this place.
 B = Non-inter-level travel time spent in this place.
 C = Inter-level travel time spent in this place.
 D = Time resting spent in this place.
 E = Time spent auto-exploring this place.
 F = Levels seen in this place.
 G = Mean time per level.
                   A        B        C        D        E       F      G
               +--------+--------+--------+--------+--------+-----+--------+
         Total |   7495 |   7143 |    352 |     25 |   6319 |   8 |  936.9 |
       Dungeon |   7460 |   7141 |    319 |     25 |   6319 |   7 | 1065.7 |
        Temple |     34 |      1 |     33 |      0 |      0 |   1 |   34.0 |
               +--------+--------+--------+--------+--------+-----+--------+

Top non-repeatable levels by time:
     D:5: 1525 daAuts
     D:2: 1459 daAuts
     D:7: 1030 daAuts
     D:3: 1023 daAuts
     D:6: 893 daAuts
     D:4: 869 daAuts
     D:1: 658 daAuts
  Temple: 34 daAuts
